 Dungeon Crawl Stone Soup version 0.29.0-13-gc9e81de378 (webtiles) character file.

Game seed: 7991609958305059266

31 greasedhog the Trooper (level 3, -9/24 HPs)
             Began as a Gargoyle Abyssal Knight on Sept 11, 2022.
             Was a Priest of Lugonu.
             Killed by an exploding frilled lizard (33 damage)
             ... ignited by their inner flame
             ... on level 1 of the Dungeon.
             The game lasted 00:00:58 (1179 turns).

greasedhog the Trooper (Gargoyle Abyssal Knight)    Turns: 1179, Time: 00:00:59

Health: -9/24      AC: 12    Str: 18    XL:     3   Next: 22%
Magic:  4/4        EV: 10    Int: 10    God:    Lugonu [***...]
Gold:   28         SH:  0    Dex: 10    Spells: 2/2 levels left

rFire   . . .      SeeInvis .   a - +1 mace
rCold   . . .      Faith    .   (no shield)
rNeg    + . .      Spirit   .   j - +0 ring mail
rPois   ∞          Reflect  .   (no helmet)
rElec   +          Harm     .   (no cloak)
rCorr   .          Rampage  .   (no gloves)
Will    .....                   (no boots)
Stlth   ..........              (no amulet)
HPRegen 0.08/turn               e - +4 ring of protection
MPRegen 0.09/turn               (no ring)

@: about to teleport, weak-willed
A: sickness immunity, AC +3, negative energy resistance 1, electricity
resistance, torment resistance 1, petrification resistance
a: Renounce Religion, Depart the Abyss, Bend Space, Banish


You were on level 1 of the Dungeon.
You worshipped Lugonu.
Lugonu was most pleased with you.
You visited 1 branch of the dungeon, and saw 1 of its levels.
You visited the Abyss 1 time.

You collected 28 gold pieces.

Inventory:

Hand Weapons
 a - a +1 mace (weapon)
Armour
 j - a +0 ring mail (worn)
Jewellery
 e - a +4 ring of protection (left hand)
Potions
 c - a potion of lignification
 d - a potion of resistance {unknown}


   Skills:
 * Level 3.9 Fighting
 * Level 2.7 Maces & Flails
 - Level 2.1 Armour
 - Level 0.7 Dodging
 + Level 2.4 Invocations


You had 2 spell levels left.
You didn't know any spells.
Your spell library contained the following spells:

 Spells                   Type           Power      Damage    Failure   Level
 Magic Dart               Conj           0%         1d3       54%         1
 Call Imp                 Summ           0%         N/A       69%         2
 Mephitic Cloud           Conj/Pois/Air  0%         N/A       89%         3


Dungeon Overview and Level Annotations

Branches:
Dungeon (1/15)

Altars:


Innate Abilities, Weirdness & Mutations

You are immune to sickness and miasma.
Your stone body is resilient. (AC +3)
You are immune to poison.
You resist negative energy. (rN+)
You are resistant to electric shocks. (rElec)
You are resistant to unholy torment.
You are immune to petrification.


Message History

You sock the frilled lizard!
You kill the frilled lizard!
Lugonu accepts your kill.
Search for what [Enter for "ring", or ? for help]?
You see here a +0 short sword.
You see here a +0 ring mail.
j - a +0 ring mail You start removing your armour.
You continue taking off your +0 leather armour. x4
You finish taking off your +0 leather armour.
You start putting on your armour.
You continue putting on your +0 ring mail. x5
You finish putting on your +0 ring mail.
You drop a +0 leather armour.
You see here a +0 short sword.
There is a stone staircase leading down here.
You enter the shallow water.
Moving in this stuff is going to be slow.
You enter the shallow water.
Moving in this stuff is going to be slow.
A frilled lizard comes into view.
A frilled lizard is nearby!
A frilled lizard is nearby!
As you read the scroll labelled VASKADOMAS, it crumbles to dust.
The creatures around you are filled with an inner flame!
It was a scroll of immolation.
As you read the scroll labelled MYTSAF WASURAE, it crumbles to dust.
Magic quickly surges around you.
It was a scroll of vulnerability.
As you read the scroll labelled GOIFECRAFEX, it crumbles to dust.
You feel strangely unstable.
It was a scroll of teleportation.
As you read the scroll labelled SENAYF ACOQ, it crumbles to dust.
It is a scroll of identify.
c - a potion of lignification A frilled lizard is nearby!
You sock the frilled lizard! Lugonu accepts your kill.
The frilled lizard explodes!
The fiery explosion engulfs you!!
Ouch! That really hurt!
You die...

#.....# #####
#..... .....
#..$.. ### ....
#.. ... #.#
#.##############.#
#§§...........†..#
#@§...# .#.######.
##.##.# ###.###...
#.# ..##...)...#.
#.# #.#.#)#####.
#.# #.>.## #.. #.#
.###.## #..
#.##.##...# #..
#.##.##...# ##.
#.##.##...# ##


There were no monsters in sight!

Vanquished Creatures
  A dart slug (D:1)
  A worm (D:1)
  3 ball pythons (D:1)
  2 bats (D:1)
  5 endoplasms (D:1)
  4 giant cockroaches (D:1)
  A goblin (D:1)
  3 kobolds (D:1)
  A quokka (D:1)
  3 frilled lizards (D:1)
24 creatures vanquished.

Notes
Turn   | Place    | Note
-------+----------+-------------------------------------------
     0 | Abyss:1  | greasedhog the Gargoyle Abyssal Knight began the quest for
                  | the Orb.
     0 | Abyss:1  | Reached XP level 1. HP: 14/14 MP: 2/2
     1 | D:1      | Escaped the Abyss
   156 | D:1      | Reached XP level 2. HP: 16/19 MP: 3/3
   602 | D:1      | Reached *** piety under Lugonu
   604 | D:1      | Reached XP level 3. HP: 24/24 MP: 4/4
  1179 | D:1      | Killed by an exploding frilled lizard... ignited by their
                  | inner flame

Illustrated notes

Levels and vault maps discovered:
D:1:      spicycebolla_green_bress_n_ham_2, layout_loops_ring,
          dreamdust_ecumenical_altar_angels_and_demons,
          chequers_serial_rivers_micro_c, nicolae_wormholes

Action                   || total
-------------------------++-------
Melee: Mace              ||    62
  Use: Scroll            ||     4
Armor: Leather armour    ||    30
Dodge: Dodged            ||    35
